 Dungeon Crawl Stone Soup version 0.22.0-36-g8e74550 (webtiles) character file.

197921 Rhok the Bludgeoner (level 17, -4/210 HPs)
             Began as a Demonspawn Artificer on Aug 23, 2018.
             Was an Initiate of Gozag.
             Slain by a snapping turtle (17 damage)
             ... on level 2 of the Shoals on Aug 24, 2018.
             The game lasted 01:56:21 (49488 turns).

Rhok the Bludgeoner (Demonspawn Artificer)         Turns: 49488, Time: 01:56:22

Health: -4/210     AC: 37    Str: 33    XL:     17   Next: 79%
Magic:  19/19      EV: 23    Int: 13    God:    Gozag
Gold:   3273       SH:  0    Dex: 20    Spells: 16/16 levels left

rFire    . . .     SeeInvis +   a - +11 great mace "Gram" {crush, *Drain MR++ Str+6}
rCold    . . .     Gourm    .   (shield currently unavailable)
rNeg     + . .     Faith    .   U - +8 plate armour of Rotation {rPois rN+ SInv}
rPois    +         Spirit   .   S - +2 helmet
rElec    .         Reflect  .   t - +2 cloak
rCorr    .         Harm     .   (no gloves)
MR       +++..                  j - +1 pair of boots
Stlth    ..........             M - amulet of rage
HPRegen  0.45/turn              o - +4 ring of strength
MPRegen  0.16/turn              z - +3 ring of evasion

@: agile, berserking, lethally poisoned (-4 -> -4), gold aura, very quick
A: talons 2, iridescent scales 2, powered by pain 3, spiny 2
}: 1/15 runes: serpentine
a: Potion Petition, Call Merchant, Bribe Branch, Renounce Religion, Evoke
Berserk Rage


You were on level 2 of the Shoals.
You worshipped Gozag.
Gozag was most pleased with you.
You were near starving.

You visited 6 branches of the dungeon, and saw 30 of its levels.

You collected 10270 gold pieces.
You spent 2362 gold pieces at shops.
You paid 4635 gold pieces to Gozag.

Inventory:

Hand Weapons
 a - the +11 great mace "Gram" (weapon) {crush, *Drain MR++ Str+6}
   (You bought it in a shop on level 2 of the Orcish Mines)

   It inflicts extra damage upon your enemies.
   It affects your strength (+6).
   It affects your resistance to hostile enchantments.
   It causes draining when unequipped.
 b - a +2 dagger of venom
 D - a +9 broad axe
Missiles
 s - 3 throwing nets (quivered)
Armour
 j - a +1 pair of boots (worn)
 t - a +2 cloak (worn)
 y - a +0 shield
 Q - a +4 chain mail of magic resistance
 S - a +2 helmet (worn)
 U - the +8 plate armour of Rotation (worn) {rPois rN+ SInv}
   (You took it off a gnoll on level 9 of the Dungeon)

   It protects you from poison.
   It protects you from negative energy.
   It lets you see invisible.
Jewellery
 o - a +4 ring of strength (left hand)
 z - a +3 ring of evasion (right hand)
 A - an uncursed ring of ice
 G - an uncursed ring of positive energy
 M - an amulet of rage (around neck)
 P - an uncursed ring of protection from fire
Wands
 c - a wand of flame (26)
 d - a wand of polymorph (17)
 e - a wand of random effects (53)
 N - a wand of paralysis (15)
 O - a wand of digging (6)
Scrolls
 g - 5 scrolls of enchant armour
 l - 2 scrolls of magic mapping
 p - 2 scrolls of fear
 q - 3 scrolls of teleportation
 r - 3 scrolls of identify
 v - 3 scrolls of remove curse
 w - 2 scrolls of summoning
 x - 6 scrolls of blinking
 I - 3 scrolls of amnesia
 L - 2 scrolls of silence
 R - a scroll of fog
 W - a scroll of enchant weapon
Potions
 i - 5 potions of might
 k - 8 potions of flight
 m - 3 potions of haste
 n - 2 potions of magic
 u - 4 potions of mutation
 B - 2 potions of resistance
 C - 2 potions of ambrosia
 E - 3 potions of agility
 F - 12 potions of curing
 H - 5 potions of heal wounds
 K - 4 potions of brilliance
 V - a potion of cancellation
 X - 3 potions of lignification
Miscellaneous
 J - a lamp of fire
 T - a fan of gales
Comestibles
 f - 5 rations


   Skills:
 * Level 14.9 Fighting
 - Level 0.8 Short Blades
 - Level 14.5(17.3) Axes
 - Level 16.0(18.0) Maces & Flails
 + Level 12.4 Armour
 + Level 8.9 Dodging
 - Level 0.8 Stealth
 - Level 3.0 Evocations


You had 16 spell levels left.
You didn't know any spells.
Your spell library contained the following spells:

 Spells                   Type           Power        Failure   Level  Hunger
 Animate Skeleton         Necr           N/A          86%         1    ##.....
 Apportation              Tloc           #.....       86%         1    ##.....
 Confusing Touch          Hex            #.....       86%         1    ##.....
 Corona                   Hex            #......      86%         1    ##.....
 Flame Tongue             Conj/Fire      #....        86%         1    ##.....
 Pain                     Necr           #...         86%         1    ##.....
 Shock                    Conj/Air       #...         86%         1    ##.....
 Summon Butterflies       Summ           #.......     86%         1    ##.....
 Ensorcelled Hibernation  Hex/Ice        #.....       94%         2    ###....
 Poisonous Vapours        Pois/Air       #.....       94%         2    ###....
 Swiftness                Chrm/Air       #.......     94%         2    ###....
 Throw Flame              Conj/Fire      #.....       94%         2    ###....
 Confuse                  Hex            #.......     99%         3    ####...
 Conjure Flame            Conj/Fire      #.......     99%         3    ####...
 Dazzling Spray           Conj/Hex       #.....       99%         3    ####...
 Gell's Gravitas          Tloc           #.........   99%         3    ####...
 Inner Flame              Hex/Fire       #.......     99%         3    ####...
 Lesser Beckoning         Tloc           #.........   99%         3    ####...
 Mephitic Cloud           Conj/Pois/Air  #.......     99%         3    ####...
 Regeneration             Chrm/Necr      #.........   99%         3    ####...
 Static Discharge         Conj/Air       #.......     99%         3    ####...
 Tukima's Dance           Hex            #.......     99%         3    ####...
 Vampiric Draining        Necr           #.........   99%         3    ####...
 Airstrike                Air            #.........   100%        4    #####..
 Animate Dead             Necr           N/A          100%        4    #####..
 Petrify                  Tmut/Erth      #.......     100%        4    #####..
 Sticky Flame             Conj/Fire      #.......     100%        4    #####..
 Alistair's Intoxication  Tmut/Pois      #.......     100%        5    ######.
 Fireball                 Conj/Fire      #.........   100%        5    ######.
 Lightning Bolt           Conj/Air       #.........   100%        5    ######.
 Metabolic Englaciation   Hex/Ice        #.........   100%        5    ######.
 Yara's Violent Unravell  Hex/Tmut       #.........   100%        5    ######.
 Freezing Cloud           Conj/Ice/Air   #.........   100%        6    #######
 Invisibility             Hex            #.......     100%        6    #######
 Ring of Flames           Chrm/Fire      #.........   100%        7    #######


Dungeon Overview and Level Annotations

Branches:
Dungeon (14/15)            Temple (1/1) D:4            Lair (6/6) D:9
 Shoals (3/4) Lair:3        Snake (4/4) Lair:4        Slime (0/5) Lair:5
    Orc (2/2) D:12            Elf (0/3) Orc:2
 Vaults: D:13-14

Altars:
Ashenzari
Cheibriados
Dithmenos
Elyvilon
Fedhas
Gozag
Hepliaklqana
Kikubaaqudgha
Makhleb
Nemelex Xobeh
Okawaru
Qazlal
Ru
Sif Muna
Trog
Uskayaw
Vehumet
Wu Jian
Xom
Yredelemnul
Zin
The Shining One

Shops:
D:6 =   D:12 *!   Orc:2 *[:(   Lair:3 *   Lair:4 !

Annotations:
D:6 1 runed door, exclusion: 2 downstairs, Terandir's ghost, novice MiFi
D:8 exclusion: downstairs
D:13 2 transporters, Xyrivyu's ghost, novice TrMo
Lair:5 2 transporters, 1 runed door, exclusion: 3 oklob plants, Ymberto's ghost, journeyman DEFE
Snake:1 exclusion: 2 downstairs
Snake:2 exclusion: oklob plant, Roxanne
Snake:4 1 exclusion


Innate Abilities, Weirdness & Mutations

You have razor-sharp toenails.
You are mostly covered in iridescent scales. (AC +4)
You are powered by pain.
You are mostly covered in sharp spines.


Message History

Tha alligator snappin' turtle be severely wounded.
Ye feel sick.
A snappin' turtle comes inta view.
Tha alligator snappin' turtle bites ye!!
* * * LOW HITPOINT WARNIN'
* * * Ye take 20 damage, an' haf 9/140 hp.
Unknown command.
Ye fail ta use yer ability.
Tha snappin' turtle hisses angrily.
A red film seems ta co'er yer vision as ye go berserk!
Ye feel yerself movin' faster!
Ye feel mighty!
Ye be near starvin'!
Tha alligator snappin' turtle be struck by yer spines.
Tha alligator snappin' turtle barely misses ye.
Ye now haf 14/210 hp.
Ye bludgeon tha alligator snappin' turtle!!
Ye kill tha alligator snappin' turtle!
Ye feel sick.
Tha snappin' turtle bites ye from afar!
Ye die...
Yer body crumbles inta a pile o' gold.

≈...)≈≈...#
.....≈^...##
.....≈≈....# ♣# .
####..≈....# ♣.# ..
####(.≈...## ..# ...
#..).[≈≈..## ..#..
##..(≈≈≈...# ..'####
#..)≈≈≈≈..######$.....♣
#..≈≈≈≈≈.......@$t...♣
#..≈≈≈≈≈.....♣.$.#'###
##...≈≈≈≈≈.......#
#......≈≈.♣.8.♣.#
#......≈≈.......#
###..(....≈...♣...#
.##.......≈≈......#
..#........≈≈≈≈≈≈≈≈P
..#.......≈≈≈≈≈≈≈≈(P


You could see a snapping turtle.

Vanquished Creatures
  Saint Roka (Snake:2)
  Polyphemus (Shoals:2)
  Kirke (Lair:5)
  10 nagarajas
  A frost giant (Shoals:3)
  Louise (Snake:2)
  3 orc warlords
  Nessos (D:12)
  A dire elephant (Lair:6)
  3 merfolk impalers (Shoals:3)
  3 merfolk javelineers
  7 hydras
  4 catoblepae
  10 naga warriors
  12 anacondas
  A centaur warrior (D:13)
  3 merfolk aquamancers (Shoals:2)
  An alligator snapping turtle (Shoals:2)
  A merfolk avatar (Shoals:1)
  5 two-headed ogres
  An alligator (Lair:6)
  17 naga sharpshooters
  7 death yaks
  5 orc high priests (Orc:2)
  7 shock serpents
  Sonja (Lair:4)
  8 sea snakes
  A salamander mystic (Snake:3)
  9 naga ritualists
  Pikel (D:7)
  A lindwurm (Lair:6)
  4 orc knights (Orc:2)
  7 mana vipers
  An ugly thing (D:12)
  5 harpies (Shoals:1)
  4 orc sorcerers (Orc:2)
  2 deep elf magi
  A faun (Shoals:1)
  2 cyclopes
  10 manticores
  42 orc warriors
  14 salamanders
  4 guardian serpents
  2 elephants (Lair:6)
  A torpor snail (Lair:6)
  28 black mambas
  6 merfolk sirens
  14 spiny frogs
  23 naga magi
  A gargoyle (D:13)
  5 water nymphs
  A centaur zombie (D:12)
  4 rime drakes
  8 komodo dragons
  9 trolls
  9 merfolk
  3 meliai (D:14)
  14 blink frogs
  2 hornets (D:8)
  2 wind drakes (Shoals:2)
  Grinder (D:4)
  10 dream sheep
  11 hippogriffs
  6 snapping turtles
  Sigmund (D:5)
  23 yaks
  5 water elementals
  2 shadows (D:13)
  4 wyverns
  5 hogs (Lair:5)
  A hungry ghost (D:13)
  A basilisk (Lair:1)
  8 vampire mosquitoes (D:12)
  2 acid dragons
  46 nagas
  4 wargs
  16 water moccasins
  3 porcupines
  2 sky beasts
  8 ice beasts
  4 slaves
  3 black bears
  4 phantoms
  An eye of draining (D:8)
  10 ogres
  25 wolves
  10 crocodiles
  5 centaurs
  2 big kobolds (D:6)
  14 bullfrogs
  2 gnoll sergeants
  A water moccasin zombie (D:5)
  5 scorpions
  28 killer bees
  7 howler monkeys
  4 jellies
  4 crimson imps
  2 quasits
  A bullfrog zombie (D:7)
  4 hounds
  3 centaur skeletons
  A gnoll shaman (D:8)
  26 orc priests
  45 orc wizards
  A bullfrog skeleton (D:6)
  An iguana (D:7)
  Ijyb (D:3)
  8 worker ants
  A killer bee zombie (D:5)
  A hound zombie (D:10)
  16 gnolls
  5 adders
  A shadow imp (D:5)
  An ooze (D:1)
  2 adder skeletons
  2 adder zombies
  2 worms (D:5)
  3 dart slugs
  2 leopard geckos
  104 orcs
  6 giant cockroaches
  5 hobgoblins
  8 jackals
  12 kobolds
  4 quokkas
  7 bats
  6 frilled lizards
  4 goblins
  A jackal zombie (D:7)
  4 rats
934 creatures vanquished.

Vanquished Creatures (collateral kills)
  Joseph (D:8)
  A scorpion (D:9)
  A crimson imp (D:9)
  An orc priest (D:8)
  2 orc wizards (D:8)
  An orc (D:8)
  A hobgoblin (D:2)
  A bat (D:3)
9 creatures vanquished.

Vanquished Creatures (others)
  A killer bee (D:7)
  An adder (D:2)
  An orc (D:4)
  13 fungi
  15 plants
31 creatures vanquished.

Grand Total: 974 creatures vanquished

Notes
Turn   | Place    | Note
-------+----------+-------------------------------------------
     0 | D:1      | Rhok the Demonspawn Artificer began the quest for the Orb.
     0 | D:1      | Reached XP level 1. HP: 15/15 MP: 3/3
   280 | D:1      | Reached skill level 1 in Axes
   471 | D:1      | Gained mutation: You sometimes gain a little power by taking damage. [demonic ancestry]
   471 | D:1      | Reached XP level 2. HP: 12/21 MP: 4/4
   874 | D:2      | Reached XP level 3. HP: 23/27 MP: 5/5
  1247 | D:2      | Noticed a dagger
  1248 | D:2      | Noticed a hand axe
  1482 | D:2      | Found a hide-covered altar of Uskayaw.
  2221 | D:3      | Found a shadowy altar of Dithmenos.
  2305 | D:3      | Reached XP level 4. HP: 30/33 MP: 6/6
  2734 | D:3      | Noticed Ijyb
  2747 | D:3      | Paralysed by Ijyb for 3 turns
  2757 | D:3      | Killed Ijyb
  2757 | D:3      | Gained mutation: You have sharp toenails. [demonic ancestry]
  2757 | D:3      | Reached XP level 5. HP: 39/40 MP: 7/7
  3147 | D:4      | Found a deep blue altar of Sif Muna.
  3148 | D:4      | Noticed Grinder
  3166 | D:4      | Killed Grinder
  3166 | D:4      | Gained mutation: You sometimes gain power by taking damage. [demonic ancestry]
  3166 | D:4      | Reached XP level 6. HP: 48/48 MP: 8/8
  3329 | D:4      | Found an ornate altar of the Wu Jian Council.
  3793 | D:4      | Found a staircase to the Ecumenical Temple.
  3802 | Temple   | Entered the Ecumenical Temple
  3866 | Temple   | Became a worshipper of Gozag Ym Sagoz the Greedy
  4075 | D:4      | Found a white marble altar of Elyvilon.
  4360 | D:5      | Entered Level 5 of the Dungeon
  4393 | D:5      | Reached skill level 5 in Axes
  4720 | D:5      | Noticed Sigmund
  4733 | D:5      | Killed Sigmund
  4733 | D:5      | Gained mutation: You are partially covered in iridescent scales. (AC +2) [demonic ancestry]
  4733 | D:5      | Reached XP level 7. HP: 55/55 MP: 9/9
  5220 | D:5      | Found a sparkling altar of Nemelex Xobeh.
  5823 | D:6      | Found a runed door.
  5823 | D:6      | Noticed Terandir's ghost (novice MiFi)
  5930 | D:6      | Reached skill level 5 in Fighting
  5966 | D:6      | Found Efuocw's Jewellery Boutique.
  6340 | D:6      | Found a stormy altar of Qazlal.
  6401 | D:6      | Reached XP level 8. HP: 37/63 MP: 10/10
  7309 | D:7      | Noticed Pikel
  8444 | D:7      | Reached XP level 9. HP: 68/71 MP: 11/11
  8470 | D:7      | Killed Pikel
  9119 | D:7      | Reached skill level 10 in Axes
  9556 | D:8      | Found a shimmering altar of Xom.
  9716 | D:8      | Noticed Joseph
  9741 | D:8      | Killed Joseph
 10065 | D:8      | Killed an orc warrior
 10352 | D:8      | Reached XP level 10. HP: 77/77 MP: 12/12
 10724 | D:8      | Found an iron altar of Okawaru.
 10840 | D:8      | Reached skill level 1 in Armour
 11674 | D:9      | Noticed a seven-headed hydra
 13003 | D:9      | Found a staircase to the Lair.
 13665 | D:10     | Entered Level 10 of the Dungeon
 14726 | D:10     | Gained mutation: You are partially covered in sharp spines. [demonic ancestry]
 14726 | D:10     | Reached XP level 11. HP: 93/93 MP: 13/13
 15084 | D:9      | You fall through a shaft for 2 floors!
 15136 | Lair:1   | Entered Level 1 of the Lair of Beasts
 15179 | Lair:1   | Gained mutation: You have razor-sharp toenails. [demonic ancestry]
 15179 | Lair:1   | Reached XP level 12. HP: 54/100 MP: 14/14
 16701 | Lair:2   | Noticed Sonja
 17613 | Lair:2   | Noticed a five-headed hydra
 17630 | Lair:2   | Killed a five-headed hydra
 17630 | Lair:2   | Reached skill level 5 in Armour
 18707 | Lair:3   | Noticed a catoblepas
 18754 | Lair:3   | Killed a catoblepas
 19300 | Lair:3   | Found a staircase to the Shoals.
 19984 | Lair:3   | Bought a shimmering whip for 277 gold pieces
 19984 | Lair:3   | Bought a scroll of teleportation for 111 gold pieces
 19984 | Lair:3   | Bought a potion of haste for 370 gold pieces
 19984 | Lair:3   | Bought a wand of paralysis (19) for 74 gold pieces
 19984 | Lair:3   | Bought a ruby potion for 33 gold pieces
 19984 | Lair:3   | Bought a scroll labeled KUMMED NOGIJAR for 37 gold pieces
 19984 | Lair:3   | Bought a scroll labeled BEANUX ARRI for 37 gold pieces
 19984 | Lair:3   | Bought a bubbling silvery potion for 33 gold pieces
 19984 | Lair:3   | Identified the cursed +2 whip "Ikoumomm" {protect, Int+7} (You bought it in a shop on level 3 of the Lair of Beasts)
 20133 | Lair:4   | Noticed a six-headed hydra
 20153 | Lair:4   | Killed a six-headed hydra
 20153 | Lair:4   | Reached skill level 5 in Dodging
 20411 | Lair:4   | Found a staircase to the Snake Pit.
 20432 | Lair:4   | Reached skill level 1 in Maces & Flails
 20796 | Lair:4   | Reached skill level 2 in Maces & Flails
 20851 | Lair:4   | Gained mutation: You are powered by pain. [demonic ancestry]
 20851 | Lair:4   | Reached XP level 13. HP: 106/106 MP: 15/15
 21123 | Lair:4   | Killed Sonja
 21296 | Lair:4   | Reached skill level 3 in Maces & Flails
 21679 | Lair:5   | Found a staircase to the Slime Pits.
 21715 | Lair:5   | Found a transporter.
 21782 | Lair:5   | Reached skill level 4 in Maces & Flails
 22138 | Lair:5   | Found a transporter.
 22342 | Lair:5   | Noticed Kirke
 22354 | Lair:5   | Reached skill level 5 in Maces & Flails
 22402 | Lair:5   | Killed Kirke
 22706 | Lair:5   | Noticed Ymberto's ghost (journeyman DEFE)
 22708 | Lair:5   | Found a runed door.
 22749 | Lair:5   | Reached skill level 6 in Maces & Flails
 23267 | Lair:6   | Entered Level 6 of the Lair of Beasts
 23469 | Lair:6   | Reached skill level 7 in Maces & Flails
 24413 | Lair:6   | Reached skill level 8 in Maces & Flails
 25035 | Lair:6   | Reached skill level 9 in Maces & Flails
 26352 | Lair:6   | Noticed a dire elephant
 26388 | Lair:6   | Killed a dire elephant
 26545 | Lair:6   | Reached skill level 10 in Maces & Flails
 26641 | Lair:6   | Reached XP level 14. HP: 75/113 MP: 16/16
 28440 | D:11     | Reached skill level 11 in Maces & Flails
 29353 | D:12     | Noticed Nessos
 29380 | D:12     | Killed Nessos
 29747 | D:12     | Bought a glowing chain mail for 270 gold pieces
 30207 | D:12     | Found a staircase to the Orcish Mines.
 30445 | D:12     | Found Etuus's Distillery.
 30457 | D:12     | Bought a potion of haste for 140 gold pieces
 31392 | D:13     | Reached skill level 12 in Maces & Flails
 31800 | D:13     | Found a transporter.
 31801 | D:13     | Noticed Xyrivyu's ghost (novice TrMo)
 31892 | D:13     | Found a transporter.
 32984 | Orc:1    | Entered Level 1 of the Orcish Mines
 33068 | Orc:1    | Noticed an orc warlord
 33106 | Orc:1    | Killed an orc warlord
 33471 | D:9      | Got a pitted plate armour
 33572 | D:9      | Identified the +8 plate armour of Rotation {rPois rN+ SInv} (You took it off a gnoll on level 9 of the Dungeon)
 33851 | Orc:2    | Entered Level 2 of the Orcish Mines
 34580 | Orc:2    | Noticed an orc warlord
 34600 | Orc:2    | Found a staircase to the Elven Halls.
 35214 | Orc:1    | Killed an orc warlord
 35651 | Orc:2    | Gained mutation: You are mostly covered in iridescent scales. (AC +4) [demonic ancestry]
 35651 | Orc:2    | Reached XP level 15. HP: 57/120 MP: 17/17
 35659 | Orc:2    | Reached skill level 13 in Maces & Flails
 36034 | Orc:2    | Noticed an orc warlord
 36085 | Orc:2    | Killed an orc warlord
 36974 | Orc:2    | Found Verealac's Antique Armour Boutique.
 36975 | Orc:2    | Found Upumul's Antique Weapon Shop.
 36976 | Orc:2    | Found Vorossat's General Store.
 36976 | Orc:2    | Found Zaac's Book Boutique.
 36982 | Orc:2    | Bought a scroll of enchant weapon for 105 gold pieces
 36994 | Orc:2    | Bought a pair of embroidered boots for 270 gold pieces
 37008 | Orc:2    | Bought an encrusted great mace for 333 gold pieces
 37008 | Orc:2    | Identified the +11 great mace "Gram" {crush, *Drain MR++ Str+6} (You bought it in a shop on level 2 of the Orcish Mines)
 37411 | Snake:1  | Entered Level 1 of the Snake Pit
 38709 | Snake:2  | Noticed Roxanne
 38739 | Snake:2  | Noticed Saint Roka
 38757 | Snake:2  | Noticed Louise
 38764 | Snake:2  | Killed Louise
 38903 | Snake:2  | Killed Saint Roka
 39171 | Snake:2  | Found a blossoming altar of Fedhas.
 39567 | Snake:2  | You fall through a shaft!
 39901 | Snake:3  | Gained mutation: You are mostly covered in sharp spines. [demonic ancestry]
 39901 | Snake:3  | Reached XP level 16. HP: 129/129 MP: 18/18
 39910 | Snake:3  | Reached skill level 10 in Armour
 39948 | Snake:3  | Reached skill level 14 in Maces & Flails
 41499 | Snake:4  | Entered Level 4 of the Snake Pit
 42217 | Snake:4  | Reached skill level 15 in Maces & Flails
 42248 | Snake:3  | HP: 6/132 [poisoned by a salamander]
 42255 | Snake:3  | HP: 6/132 [poisoned by a salamander]
 42700 | Snake:4  | Upgraded the game from 0.22.0-32-gbc6daba to 0.22.0-36-g8e74550
 45155 | Snake:4  | Reached XP level 17. HP: 105/139 MP: 19/19
 45705 | Snake:4  | Got a serpentine rune of Zot
 45940 | Snake:4  | Reached skill level 16 in Maces & Flails
 46540 | Lair:4   | Bought a potion of curing for 48 gold pieces
 46540 | Lair:4   | Bought a potion of curing for 48 gold pieces
 46540 | Lair:4   | Bought a potion of lignification for 48 gold pieces
 46540 | Lair:4   | Bought a potion of ambrosia for 128 gold pieces
 46591 | Shoals:1 | Entered Level 1 of the Shoals
 48464 | Shoals:2 | Noticed Polyphemus
 48498 | Shoals:2 | Killed Polyphemus
 49488 | Shoals:2 | Slain by a snapping turtle

Skill      XL: |  1  2  3  4  5  6  7  8  9 10 11 12 13 14 15 16 17 |
---------------+----------------------------------------------------+-----
Axes           | 1 2 3 4 5 7 8 11 12 14 | 14.5
Fighting       | 2 3 4 5 6 11 12 14 | 14.9
Armour         | 3 6 7 8 9 10 12 | 12.4
Dodging        | 5 6 7 8 |  8.9
Maces & Flails | 2 10 12 13 15 16 | 16.0
Short Blades   | |  0.8
Stealth        | |  0.8
Evocations     | |  3.0

Action                   |  1- 3 |  4- 6 |  7- 9 | 10-12 | 13-15 | 16-18 || total
-------------------------+-------+-------+-------+-------+-------+-------++-------
Melee: Hand axe          |   169 |   160 |   290 |   789 |       |       ||  1408
       Kick              |       |    33 |   127 |   312 |   160 |       ||   632
       Dagger            |       |       |    89 |    10 |       |       ||    99
       Whip              |       |       |    11 |       |       |       ||    11
       Morningstar       |       |       |       |    51 |  1236 |       ||  1287
       Unarmed           |       |       |       |       |     7 |       ||     7
       Great mace        |       |       |       |       |   231 |   579 ||   810
       Broad axe         |       |       |       |       |     6 |       ||     6
Throw: Throwing net      |       |       |       |     1 |       |       ||     1
Invok: Potion Petition   |       |       |     1 |       |     1 |     3 ||     5
       Call Merchant     |       |       |       |     1 |     1 |     1 ||     3
 Abil: Evoke Berserk Rag |       |       |       |       |     7 |     2 ||     9
Evoke: Wand              |     1 |     3 |    17 |    21 |    22 |    32 ||    96
  Use: Scroll            |     8 |     4 |     4 |     9 |    17 |     1 ||    43
       Potion            |       |       |     2 |     1 |     4 |     2 ||     9
 Stab: Paralysed         |       |    14 |     8 |       |    12 |       ||    34
       Confused          |       |       |     1 |       |       |       ||     1
       Distracted        |       |       |       |     5 |     9 |     5 ||    19
       Petrified         |       |       |       |       |       |     4 ||     4
  Eat: Chunk             |     5 |     5 |       |       |       |       ||    10
       Ration            |       |     1 |     5 |    10 |    21 |     9 ||    46
Armor: Leather armour    |     6 |       |       |       |       |       ||     6
       Ring mail         |    47 |       |       |       |       |       ||    47
       Chain mail        |     7 |    86 |   193 |    72 |   142 |       ||   500
       Skin              |       |       |    11 |       |       |       ||    11
       Plate armour      |       |       |       |   341 |   467 |   422 ||  1230
Dodge: Dodged            |   133 |    60 |   186 |   381 |   783 |   425 ||  1968
